 Dungeon Crawl Stone Soup version 0.29.1-14-g9c671dbff4 (webtiles) character file.

Game seed: 16311610234925519700

10 leafyfresh the Covert (level 2, -10/29 HPs)
             Began as a Gnoll Delver on Feb 13, 2023.
             Mangled by an ogre
             ... wielding a +0 giant club
              (21 damage)
             ... on level 4 of the Dungeon.
             The game lasted 00:00:41 (172 turns).

leafyfresh the Covert (Gnoll Delver)                 Turns: 172, Time: 00:00:42

Health: -10/29     AC:  4    Str: 11    XL:     2   Next: 20%
Magic:  2/2        EV: 13    Int:  9    God:
Gold:   44         SH:  0    Dex: 13    Spells: 1/1 levels left

rFire   . . .      SeeInvis .   a - +0 spear
rCold   . . .      Faith    .   (no shield)
rNeg    . . .      Spirit   .   b - +0 leather armour
rPois   .          Reflect  .   (no helmet)
rElec   .          Harm     .   (no cloak)
rCorr   .          Rampage  .   h - +0 pair of gloves
Will    .....                   (no boots)
Stlth   ++++......              (no amulet)
HPRegen 0.09/turn               (no ring)
MPRegen 0.08/turn               (no ring)

@: no status effects
A: fangs 1, strong nose, distributed training
a: no special abilities


You were on level 4 of the Dungeon.
You visited 1 branch of the dungeon, and saw 2 of its levels.

You collected 44 gold pieces.

Inventory:

Hand Weapons
 a - a +0 spear (weapon)
Armour
 b - a +0 leather armour (worn)
 h - a +0 pair of gloves (worn)
Wands
 g - a wand of digging (3)
Scrolls
 c - a scroll of fog
 d - a scroll of magic mapping
Potions
 f - a potion of haste


   Skills:
 + Level 6.4 Fighting
 + Level 0.3 Short Blades
 + Level 0.3 Long Blades
 + Level 0.3 Axes
 + Level 0.3 Maces & Flails
 + Level 4.4 Polearms
 + Level 0.3 Staves
 + Level 0.3 Ranged Weapons
 + Level 0.3 Throwing
 + Level 0.3 Armour
 + Level 4.4 Dodging
 + Level 9.5 Stealth
 + Level 0.3 Shields
 + Level 0.3 Unarmed Combat
 + Level 0.3 Spellcasting
 + Level 0.2 Conjurations
 + Level 0.2 Hexes
 + Level 0.2 Summonings
 + Level 0.2 Necromancy
 + Level 0.2 Translocations
 + Level 0.2 Transmutations
 + Level 0.2 Fire Magic
 + Level 0.2 Ice Magic
 + Level 0.2 Air Magic
 + Level 0.2 Earth Magic
 + Level 0.2 Poison Magic
 + Level 0.4 Invocations
 + Level 0.3 Evocations


You had one spell level left.
You didn't know any spells.
Your spell library was empty.

Dungeon Overview and Level Annotations

Branches:
Dungeon (5/15)
 Temple: D:4-7

Altars:


Innate Abilities, Weirdness & Mutations

You have very sharp teeth.
Your uncanny sense of smell can sniff out nearby items.
Your experience applies equally to all skills.


Message History

The kobold is moderately wounded.
The kobold hits you with a +0 whip.
You hit the kobold.
You kill the kobold!
An orc wizard comes into view.
It is wielding a +0 dagger and carrying a wand of polymorph (2).
An orc priest comes into view. It is wielding a +0 short sword.
The orc priest moves out of view.
The ogre attacks as you move away! The ogre barely misses you.
The howler monkey hoots and howls with incredible vigour!
You hear a shout! x2; You hear an angry hiss.
You hear an angry growl.
There is a stone staircase leading down here.
As you read the scroll of fear, it crumbles to dust.
You assume a fearsome visage.
The ogre looks frightened!
The ogre gives up.
The howler monkey hoots and howls with incredible vigour!
Cornered, the ogre turns to fight!
You hear an angry hiss.
You hear a shout!
You open the door.
The howler monkey hoots and howls with incredible vigour!
You hear an angry growl.
There is an open door here.
A black bear comes into view.
The ogre attacks as you move away! The ogre hits you with a +0 giant club!
Ouch! That really hurt!
An adder comes into view.
You open the door.
There is an open door here.
The ogre closely misses you.
You hit the howler monkey.
The howler monkey is lightly wounded.
The howler monkey misses you.
You hit the ogre.
The ogre is lightly wounded.
The ogre barely misses you. The howler monkey closely misses you.
You hit the howler monkey but do no damage.
The howler monkey is lightly wounded.
The howler monkey closely misses you.
The ogre hits you with a +0 giant club!!
Ouch! That really hurt!
You die...

######## +...@..#
#...hOh# ...
#######'##....
#.........#
#.........+
∆#.........#
#+########.........#
...........##'##......
...........#...#......


You could see a black bear, an ogre and a howler monkey.

Vanquished Creatures
  An adder (D:4)
  A kobold (D:4)
2 creatures vanquished.

Notes
Turn   | Place    | Note
-------+----------+-------------------------------------------
     0 | D:5      | Reached skill level 9 in Stealth
     0 | D:5      | leafyfresh the Gnoll Delver began the quest for the Orb.
     0 | D:5      | Reached XP level 1. HP: 23/23 MP: 1/1
    76 | D:4      | Reached XP level 2. HP: 24/29 MP: 2/2
   144 | D:4      | Noticed an ogre
   145 | D:4      | Noticed a howler monkey
   161 | D:4      | Noticed a black bear
   172 | D:4      | Mangled by an ogre

Illustrated notes

Levels and vault maps discovered:
D:4:      layout_gridville, xom_butterflies, lemuel_doored_altar, uniq_edmund,
          uniq_sigmund
D:5:      layout_loops_ring, ebering_ghost_reflecting_pool, fountainhead,
          st_stairs_4, uniq_crazy_yiuf_cottage

Skill      XL: | |
---------------+-+-----
Stealth        | |  9.5
Fighting       | |  6.4
Short Blades   | |  0.3
Long Blades    | |  0.3
Axes           | |  0.3
Maces & Flails | |  0.3
Polearms       | |  4.4
Staves         | |  0.3
Ranged Weapons | |  0.3
Throwing       | |  0.3
Armour         | |  0.3
Dodging        | |  4.4
Shields        | |  0.3
Unarmed Combat | |  0.3
Spellcasting   | |  0.3
Conjurations   | |  0.2
Hexes          | |  0.2
Summonings     | |  0.2
Necromancy     | |  0.2
Translocations | |  0.2
Transmutations | |  0.2
Fire Magic     | |  0.2
Ice Magic      | |  0.2
Air Magic      | |  0.2
Earth Magic    | |  0.2
Poison Magic   | |  0.2
Invocations    | |  0.4
Evocations     | |  0.3

Action                   || total
-------------------------++-------
Melee: Spear             ||    15
  Use: Scroll            ||     1
 Stab: Sleeping          ||     1
Armor: Leather armour    ||     1
Dodge: Dodged            ||    13
